 Dungeon Crawl Stone Soup version 0.28-a0-465-ge2dae52223 (webtiles) character file.

Game seed: 6933946341189057814

841 wayreth the Ruffian (level 7, 0/106 HPs)
             Began as a Troll Berserker on Sept 14, 2021.
             Was a Priest of Trog.
             Succumbed to Dowan's poison
             ... on level 6 of the Dungeon.
             The game lasted 00:08:07 (3062 turns).

wayreth the Ruffian (Troll Berserker)               Turns: 3062, Time: 00:08:08

Health: 0/106      AC:  4    Str: 28    XL:     7   Next: 67%
Magic:  6/6        EV: 10    Int:  3    God:    Trog [***...]
Gold:   212        SH:  0    Dex:  9    Spells: 6/6 levels left

rFire   + . .      SeeInvis .     - Unarmed
rCold   . . .      Faith    .   (no shield)
rNeg    . . .      Spirit   .   a - +0 animal skin
rPois   .          Reflect  .   (helmet restricted)
rElec   .          Harm     .   (no cloak)
rCorr   .          Rampage  .   (gloves unavailable)
Will    .....                   (boots unavailable)
Stlth   ..........              (no amulet)
HPRegen 1.27/turn               n - +4 ring of slaying
MPRegen 0.10/turn               l - ring of protection from fire

@: berserking, lethally poisoned (0 -> -16), very quick
A: large, unfitting armour, claws 3, regeneration 1, shaggy fur 1, tough skin 1
a: Renounce Religion, Berserk, Trog's Hand


You were on level 6 of the Dungeon.
You worshipped Trog.
Trog was most pleased with you.
You visited 1 branch of the dungeon, and saw 6 of its levels.

You collected 212 gold pieces.

Inventory:

Armour
 a - a +0 animal skin (worn)
Jewellery
 l - a ring of protection from fire (right claw)
 n - a +4 ring of slaying (left claw)
Scrolls
 b - 9 scrolls of identify {unknown}
 c - 4 scrolls of teleportation {unknown}
 d - a scroll of fear {unknown}
 j - a scroll of noise {unknown}
 m - 2 scrolls of acquirement {unknown}
 o - a scroll of fog {unknown}
 p - a scroll of holy word {unknown}
 q - a scroll of enchant armour {unknown}
 r - 2 scrolls of amnesia {unknown}
Potions
 e - 4 potions of attraction {unknown}
 f - 2 potions of degeneration {unknown}
 g - 2 potions of brilliance {unknown}
 h - a potion of flight {unknown}
 i - a potion of curing {unknown}
 k - 2 potions of berserk rage


   Skills:
 * Level 4.8 Fighting
 - Level 2.4 Dodging
 + Level 7.7 Unarmed Combat


You had 6 spell levels left.
You didn't know any spells.
Your spell library was empty.

Dungeon Overview and Level Annotations

Branches:
Dungeon (6/15)             Temple (0/1) D:4

Altars:
Okawaru
Qazlal
The Shining One


Innate Abilities, Weirdness & Mutations

You are too large for most types of armour.
You have claws for hands.
Your natural rate of healing is unusually fast.
You are covered in fur. (AC +1)
You have tough skin. (AC +1)


Message History

You feel sick. The hound bites you.
Dowan mumbles some strange words.
Dowan blinks!
You feel sick. The hound bites you but does no damage.
The hound barely misses you.
Found a potion of lignification and a short sword.
You feel sick. Dowan casts a spell at you. The shard of ice hits you!
* * * LOW HITPOINT WARNING * * *
Okay, then.
A red film seems to cover your vision as you go berserk!
You feel yourself moving faster!
You feel mighty!
You feel sick. The hound bites you.
* * * LOW HITPOINT WARNING * * *
Dowan hits you with a +6 dagger of venom.
* * * LOW HITPOINT WARNING * * *
You are more poisoned.
The hound barely misses you.
You barely miss Dowan.
Dowan is severely wounded.
You feel sick.
Dowan hits you with a +6 dagger of venom!
* * * LOW HITPOINT WARNING * * *
You are lethally poisoned!
The hound closely misses you.
You mangle Dowan!!
You feel the power of Trog in you as your rage grows.
You kill Dowan!
Trog accepts your kill.
Trog appreciates your killing of a magic user.
* * * LOW HITPOINT WARNING * * *
You feel very sick.
You barely miss the hound.
* * * LOW HITPOINT WARNING * * *
You feel sick. The hound bites you.
* * * LOW HITPOINT WARNING * * *
Unknown command.
You closely miss the hound.
You die...

#.....###........
#.....#
#.........
##.####
#........) #)#
#.........
#.######.........
#.....##.........
#.....##.........
#........h.......
#.....##.@.......
########.).......
#.........
#........!
##.......#
#.......#
#.......#
#.......#


You could see a hound.

Vanquished Creatures
  Duvessa (D:6)
  A necrophage (D:6)
  Dowan (D:6)
  A water moccasin zombie (D:5)
  A water moccasin skeleton (D:5)
  A bullfrog zombie (D:5)
  2 hounds
  4 iguanas
  2 orc priests (D:4)
  A centaur skeleton (D:5)
  A hound zombie (D:5)
  2 hound skeletons
  2 howler monkey skeletons
  3 gnolls (D:3)
  4 adders
  A white imp (D:5)
  An ufetubus (D:5)
  An adder skeleton (D:2)
  2 dart slugs (D:1)
  3 orcs
  An endoplasm (D:1)
  5 giant cockroaches
  4 goblins
  4 hobgoblins (D:2)
  2 jackals (D:3)
  6 quokkas
  3 ball pythons
  9 bats
  A frilled lizard (D:3)
  7 kobolds
  6 rats
83 creatures vanquished.

Notes
Turn   | Place    | Note
-------+----------+-------------------------------------------
     0 | D:1      | wayreth the Troll Berserker began the quest for the Orb.
     0 | D:1      | Reached XP level 1. HP: 22/22 MP: 0/0
   268 | D:1      | Reached XP level 2. HP: 29/29 MP: 1/1
   305 | D:1      | You fall into a shaft and drop 1 floor!
   424 | D:2      | Reached XP level 3. HP: 35/37 MP: 2/2
   736 | D:2      | Found a glowing golden altar of the Shining One.
   868 | D:2      | Found a faded altar of an unknown god.
  1063 | D:3      | Reached ** piety under Trog
  1496 | D:3      | Reached skill level 4 in Unarmed Combat
  1496 | D:3      | Reached XP level 4. HP: 36/45 MP: 3/3
  1698 | D:4      | Reached XP level 5. HP: 34/54 MP: 4/4
  1865 | D:4      | Reached skill level 5 in Unarmed Combat
  1881 | D:4      | Found a staircase to the Ecumenical Temple.
  2287 | D:5      | Entered Level 5 of the Dungeon
  2324 | D:5      | Reached XP level 6. HP: 62/62 MP: 5/5
  2485 | D:5      | Reached skill level 6 in Unarmed Combat
  2785 | D:5      | Reached XP level 7. HP: 68/71 MP: 6/6
  2849 | D:5      | Found a stormy altar of Qazlal.
  2970 | D:6      | Found an iron altar of Okawaru.
  2997 | D:6      | Reached *** piety under Trog
  3022 | D:6      | Noticed Duvessa
  3022 | D:6      | Noticed Dowan
  3032 | D:6      | Killed Duvessa
  3033 | D:6      | Reached skill level 7 in Unarmed Combat
  3060 | D:6      | Killed Dowan
  3061 | D:6      | HP: 3/106 [hound (4)]
  3062 | D:6      | Succumbed to Dowan's poison

Illustrated notes

Levels and vault maps discovered:
D:1:      dpeg_arrival_central, layout_rooms
D:2:      layout_rooms, basic_altar, shapermc_ecumenical_altar_rom_forum
D:3:      layout_rooms, nrook_uturn
D:4:      layout_loops_cross, minmay_temple_entry_stoned_glass
D:5:      layout_basic, kennysheep_little_box
D:6:      minmay_cornered_nines, layout_basic, okawaru_metal_pillars_1_2,
          elyvilon_altar_1, wad_rectangle_vault, uniq_duvessa

Skill      XL: |  1  2  3  4  5  6  7 |
---------------+----------------------+-----
Fighting       | 3 4 |  4.8
Unarmed Combat | 4 5 6 7 |  7.7
Dodging        | |  2.4

Action                   |  1- 3 |  4- 6 |  7- 9 || total
-------------------------+-------+-------+-------++-------
Melee: Unarmed           |   118 |   107 |    20 ||   245
       Punch             |       |     3 |     1 ||     4
Invok: Berserk           |       |       |     1 ||     1
  Use: Potion            |     1 |     3 |       ||     4
 Stab: Sleeping          |     1 |       |       ||     1
Armor: Animal skin       |    56 |    20 |     2 ||    78
Dodge: Dodged            |    59 |    59 |     7 ||   125

Table legend: (Time is in decaauts)
 A = Elapsed time spent in this place.
 B = Non-inter-level travel time spent in this place.
 C = Inter-level travel time spent in this place.
 D = Time resting spent in this place.
 E = Time spent auto-exploring this place.
 F = Levels seen in this place.
 G = Mean time per level.
                   A        B        C        D        E       F      G
               +--------+--------+--------+--------+--------+-----+--------+
         Total |   3053 |   2937 |    116 |    162 |   2163 |   6 |  508.8 |
       Dungeon |   3053 |   2937 |    116 |    162 |   2163 |   6 |  508.8 |
               +--------+--------+--------+--------+--------+-----+--------+

Top non-repeatable levels by time:
     D:3: 682 daAuts
     D:5: 674 daAuts
     D:4: 601 daAuts
     D:1: 526 daAuts
     D:2: 479 daAuts
     D:6: 89 daAuts
